 Dungeon Crawl Stone Soup version 0.16.1-11-g651b585 (webtiles) character file.

194279 billydstr the Severer (level 17, -5/163 HPs)
             Began as a Minotaur Berserker on Apr 2, 2015.
             Was the Champion of Trog.
             Killed from afar by a deep elf sorcerer (16 damage)
             ... with a bolt of acid
             ... on level 3 of the Elven Halls on Apr 4, 2015.
             The game lasted 05:21:47 (27388 turns).

billydstr the Severer (Minotaur Berserker)         Turns: 27388, Time: 05:21:47

Health: -5/163     AC: 28    Str: 28    XL:     17   Next: 67%
Magic:  11/11      EV: 14    Int:  2    God:    Trog [******]
Gold:   3001       SH:  0    Dex: 11    Spells: 0 memorised, 16 levels left

rFire  + . .     SeeInvis .     h - +2 battleaxe (chop)
rCold  + . .     Clarity  .     d - +2 scale mail {rF+}
rNeg   . . .     SustAb   .     (no shield)
rPois  .         Gourm    .     (helmet restricted)
rElec  .         Spirit   .     V - +2 cloak
rCorr  +         Warding  .     u - +1 pair of gloves
rMut   .         Stasis   .     B - +2 pair of boots
MR     +....                    Y - amulet of resist corrosion
Stlth  +.........               H - +6 ring of protection
                                t - ring of protection from cold

@: somewhat resistant to hostile enchantments, very unstealthy
A: retaliatory headbutt, horns 2, low mp 1, weak 1
a: Burn Spellbooks, Berserk, Trog's Hand, Brothers in Arms, Renounce Religion
}: 1/15 runes: gossamer


You were on level 3 of the Elven Halls.
You worshipped Trog.
Trog was exalted by your worship.
You were not hungry.

You visited 6 branches of the dungeon, and saw 36 of its levels.
You visited the Abyss 1 time.

You collected 3800 gold pieces.
You spent 711 gold pieces at shops.

Inventory:

Hand weapons
 e - the +8 hand axe of Disorder {flame, +Blink rN+ Int+4 Dex+4 Stlth-}
   (Trog gifted it to you on level 13 of the Dungeon)

   It has been specially enchanted to burn those struck by it, causing extra
   injury to most foes and up to half again as much damage against particularly
   susceptible opponents.
   Big, fiery blades are also staple armaments of hydra-hunters.
   It affects your intelligence (+4).
   It affects your dexterity (+4).
   It protects you from negative energy.
   It lets you blink.
   It makes you less stealthy.
 h - a +2 battleaxe of chopping (weapon)
 l - a +2 scimitar of holy wrath
 J - a +5 antimagic war axe
Missiles
 E - 4 steel tomahawks
 K - 4 silver tomahawks
 O - 8 poisoned javelins (quivered)
Armour
 d - a +2 scale mail of fire resistance (worn)
 m - a +2 buckler of poison resistance
 u - a +1 pair of gloves (worn)
 z - a +1 scale mail of magic resistance
 B - a +2 pair of boots (worn)
 G - a +1 chain mail of poison resistance
 V - a +2 cloak (worn)
Jewellery
 c - an uncursed ring of ice
 i - an uncursed ring of positive energy
 t - a ring of protection from cold (left hand)
 y - an uncursed ring of positive energy
 A - the amulet of Teavvo Hocue {Stasis rElec Dex+4}
   (You took it off a deep elf annihilator on level 3 of the Elven Halls)

   [amulet of stasis]

   It prevents you from being teleported, slowed, hasted or paralysed.
   It affects your dexterity (+4).
   It insulates you from electricity.
 H - a +6 ring of protection (right hand)
 I - an uncursed ring of poison resistance
 Y - an amulet of resist corrosion (around neck)
Magical devices
 a - a wand of frost (3)
 n - a wand of lightning (5)
 p - a wand of fireball (3)
 r - a wand of fire (12)
 F - a wand of disintegration (8)
 U - a wand of digging (6)
Scrolls
 b - 5 scrolls of identify
 g - 4 scrolls of recharging
 j - 5 scrolls of fear
 q - 3 scrolls of blinking
 v - 9 scrolls of remove curse
 D - 4 scrolls of teleportation
 N - 3 scrolls of enchant armour
 W - 2 scrolls of silence
Potions
 f - 3 potions of curing
 o - a potion of resistance
 s - 2 potions of might
 w - 2 potions of flight
 x - 2 potions of cancellation
 C - 2 potions of haste
 L - a potion of cure mutation {unknown}
 M - a potion of invisibility
 T - 6 potions of restore abilities
Miscellaneous
 S - a disc of storms
Comestibles
 k - 15 meat rations
 R - 24 fruits


   Skills:
 + Level 17.6 Fighting
 + Level 1.3 Long Blades
 + Level 19.6(20.5) Axes
   Level 12.0(17.0) Maces & Flails
 + Level 6.4 Throwing
 + Level 16.3 Armour
 + Level 8.9 Dodging
 + Level 2.8 Stealth
 + Level 13.0 Shields
 + Level 2.8 Evocations


You had 16 spell levels left.
You didn't know any spells.

Dungeon Overview and Level Annotations

Branches:
Dungeon (15/15)            Temple (1/1) D:6            Lair (8/8) D:9
  Swamp (0/5) Lair:5       Spider (5/5) Lair:5        Slime (0/6) Lair:7
    Orc (4/4) D:9             Elf (3/3) Orc:3        Vaults (0/5) D:13
 Depths (0/5) D:15

Altars:
Ashenzari
Cheibriados
Dithmenos
Elyvilon
Fedhas
Gozag
Kikubaaqudgha
Makhleb
Nemelex Xobeh
Okawaru
Qazlal
Ru
Sif Muna
Trog
Vehumet
Xom
Yredelemnul
Zin
The Shining One
Beogh

Shops:
D:7 :[%   D:8 (   D:10 :}%=   Orc:4 [%(!   Elf:1 ([(

Annotations:
Lair:1 exclusion: oklob plant


Innate Abilities, Weirdness & Mutations

You reflexively headbutt those who attack you in melee.
You have a pair of horns on your head.
Your magical capacity is low (-10% MP).
You are weak. (Str -2)


Message History

You slice the elf zombie!! You headbutt the elf zombie.
The deep elf sorcerer points at you and mumbles some strange words.
The bolt of acid hits you! You resist.
The acid burns!
You resist.
You slice the elf zombie!!
You destroy the elf zombie!
The tormentor calls on the powers of darkness!
The deep elf demonologist convulses!
The deep elf sorcerer convulses!
Your body is wracked with pain!
* * * LOW HITPOINT WARNING * * *
The deep elf demonologist mumbles some strange words.
The deep elf sorcerer points at you and mumbles some strange words.
The hellfire explodes!
The blast of hellfire engulfs you!
* * * LOW HITPOINT WARNING * * *
Things that are here:
a long sword; a scale mail Drink which item? (? for menu, Esc to quit)
You feel better.
The deep elf sorcerer gestures at you while chanting.
The bolt of acid hits you! You resist.
You die...

#.# #<#
########.#
#[#
#...)....#
#(#
#.########
#[# #.#
#[# #.#
#[# #.#
#.# #.#
#####.#
##.#
#)e)@[#
...#
#8###.#
####
###.#####
#.Z8..#
#).e..#
##[3.##
##2## ((..
..(....


You could see a crystal guardian and a deep elf sorcerer.

Vanquished Creatures
  Saint Roka (Elf:3)
  Arachne (Spider:4)
  Nikola (Spider:1)
  A deep elf blademaster (Elf:3)
  Kirke (Spider:1)
  Roxanne (Elf:1)
  Wiglaf (Elf:3)
  2 ghost moths (Spider:5)
  8 deep elf sorcerers (Elf:3)
  Aizul (Spider:1)
  3 emperor scorpions (Spider:5)
  A starcursed mass (Abyss:1)
  5 deep elf demonologists
  4 deep elf annihilators (Elf:3)
  3 deep elf death magi (Elf:3)
  4 crystal guardians (Elf:3)
  8 vault guards (D:13)
  A deep elf high priest (Elf:3)
  7 hydras
  2 catoblepae (Lair:8)
  Nessos (Elf:1)
  A centaur warrior (D:13)
  The ghost of lorenzova the Thaumaturge, a powerful DECj of Vehumet (Lair:6)
  4 ogre magi (Orc:4)
  7 dancing weapons (Elf:2)
  An orc high priest (Elf:2)
  8 death yaks (Lair:8)
  A tengu warrior (D:13)
  Nergalle (Elf:1)
  The ghost of ghwc the Cleaver, an experienced HOGl of Yredelemnul (D:8)
  4 skeletal warriors (D:13)
  9 deep elf knights
  An orc zombie (Elf:3)
  5 hill giants
  4 deep elf summoners
  Pikel (D:5)
  A lindwurm (Lair:7)
  6 orb spiders
  An unseen horror (D:11)
  12 deep elf conjurers
  4 orc sorcerers
  16 wolf spiders
  3 manticores
  An ugly thing (D:13)
  A hornet (Spider:2)
  A necromancer (Elf:3)
  2 centaur zombies
  A griffon (Lair:5)
  A cyclops (D:15)
  2 elephants (Lair:7)
  3 black mambas
  A torpor snail (Lair:8)
  9 spiny frogs
  Psyche (Orc:3)
  A smoke demon (Elf:3)
  An orange demon (Elf:3)
  A fire drake (D:9)
  6 komodo dragons
  3 kobold demonologists (D:13)
  8 demonic crawlers
  2 efreet
  A jumping spider (shapeshifter) (Elf:1)
  A polar bear (Lair:6)
  17 jumping spiders
  A wandering mushroom (Lair:7)
  5 trolls
  Grinder (D:4)
  15 two-headed ogres
  8 deep elf priests
  3 blink frogs (Lair:3)
  A boulder beetle (Lair:8)
  7 slime creatures
  4 ravens (D:13)
  2 basilisks
  5 trapdoor spiders
  A spectral orc (Elf:1)
  A shadow (D:14)
  18 redbacks
  49 yaks
  The ghost of Harvey99999 the Skirmisher, an average NaFi of Nemelex Xobeh (D:4)
  22 deep elf magi
  2 ynoxinuls (Elf:3)
  17 tarantellas
  19 deep elf fighters
  4 wyverns
  A steam dragon (Lair:7)
  10 hippogriffs
  Grum (D:11)
  8 vampire mosquitoes (D:12)
  2 hogs (Spider:1)
  A hungry ghost (D:10)
  13 soldier ants (D:10)
  16 wolves
  17 water moccasins
  13 orc warriors
  A mottled dragon (D:11)
  2 wargs
  3 wasps
  3 sky beasts
  2 black bears
  2 ice beasts
  9 porcupines
  23 spiders
  3 phantoms
  A necrophage (D:8)
  3 boring beetles
  14 crocodiles
  4 centaurs
  38 ogres
  5 big kobolds
  A water moccasin zombie (D:8)
  15 giant frogs
  6 killer bees (D:10)
  5 scorpions
  5 vampire bats (Lair:7)
  2 electric eels
  A giant frog zombie (D:10)
  8 wights
  3 goliath beetles
  7 crimson imps
  5 quasits
  2 elf zombies
  4 jellies
  5 giant frog skeletons
  15 hounds
  13 orc priests
  5 centaur skeletons
  4 hell rats
  13 orc wizards
  22 worker ants
  A killer bee zombie (D:5)
  8 iguanas
  4 sheep (Lair:8)
  Terence (D:2)
  A hound skeleton (D:7)
  20 adders
  71 river rats
  7 gnolls (D:7)
  A giant mite (D:6)
  A white imp (D:13)
  4 worms
  6 shadow imps
  2 ufetubi (Elf:3)
  An orc skeleton (Elf:3)
  2 giant geckos
  157 orcs
  A ball python (D:3)
  A bat skeleton (D:6)
  2 giant cockroaches
  22 hobgoblins
  6 jackals
  18 quokkas
  15 bats
  A giant newt (D:7)
  A giant spore (D:12)
  18 goblins
  29 kobolds
  8 rats
  22 ballistomycetes
  4 fungi
  3 plants
1173 creatures vanquished.

Vanquished Creatures (collateral kills)
  A deep elf blademaster (Elf:2)
  An emperor scorpion (Spider:5)
  A crystal guardian (Elf:3)
  Fannar (Lair:2)
  2 ice dragons (D:15)
  2 hydras
  A catoblepas (Lair:8)
  Erica (Lair:2)
  7 death yaks (Lair:8)
  A dancing weapon (Elf:2)
  4 skeletal warriors (D:15)
  A hill giant (D:10)
  A wolf spider (Spider:3)
  A cyclops (D:11)
  2 orb spiders (Spider:5)
  2 ugly things
  2 elephants (Lair:7)
  A gargoyle (D:10)
  A spiny frog (Lair:8)
  A queen ant (D:10)
  4 demonic crawlers
  3 jumping spiders
  A komodo dragon (Lair:2)
  4 blink frogs (Lair:2)
  A troll (D:14)
  A slime creature (Lair:7)
  3 trapdoor spiders
  6 yaks (Lair:8)
  A redback (Spider:3)
  2 wyverns
  A hippogriff (Lair:7)
  7 soldier ants (D:10)
  A spider (Spider:3)
  2 ice beasts (Lair:2)
  A crocodile (Lair:7)
  2 scorpions
  2 jellies (Lair:7)
  6 worker ants (D:10)
  4 sheep (Lair:8)
  2 adders
88 creatures vanquished.

Vanquished Creatures (others)
  A deep elf sorcerer (Elf:3)
  A deep troll (Elf:2)
  A hill giant (Elf:3)
  A demonic crawler (Elf:2)
  2 trolls
  A two-headed ogre (Spider:1)
  4 humans (Spider:1)
  A deep elf mage (Elf:1)
  A yak (Lair:8)
  4 ogres
  A big kobold (Lair:8)
  A hound (D:12)
  An orc (Elf:3)
  A quokka (D:7)
  A bat (D:8)
  6 giant spores
  2 plants
30 creatures vanquished.

Grand Total: 1291 creatures vanquished

Notes
Turn   | Place    | Note
--------------------------------------------------------------
     0 | D:1      | billydstr, the Minotaur Berserker, began the quest for the Orb.
     0 | D:1      | Reached XP level 1. HP: 19/19 MP: 1/1
   203 | D:1      | Reached XP level 2. HP: 27/27 MP: 1/1
   670 | D:2      | Reached skill level 4 in Fighting
   723 | D:2      | Noticed Terence
   739 | D:2      | Killed Terence
   739 | D:2      | Reached XP level 3. HP: 26/33 MP: 2/2
   755 | D:2      | Acquired Trog's second power
  1137 | D:3      | Reached XP level 4. HP: 39/41 MP: 2/2
  1467 | D:3      | Reached skill level 1 in Maces & Flails
  1575 | D:3      | Reached skill level 5 in Fighting
  1575 | D:3      | Reached XP level 5. HP: 48/48 MP: 2/2
  1821 | D:4      | Found a glowing golden altar of the Shining One.
  1891 | D:4      | Noticed Harvey99999's ghost (average NaFi)
  1903 | D:4      | Killed Harvey99999's ghost
  1903 | D:4      | Reached skill level 1 in Shields
  1903 | D:4      | Reached XP level 6. HP: 56/56 MP: 3/3
  1948 | D:4      | Noticed Grinder
  1948 | D:4      | Paralysed by Grinder for 2 turns
  1965 | D:4      | Killed Grinder
  1965 | D:4      | Reached skill level 5 in Armour
  1981 | D:4      | Reached XP level 7. HP: 59/62 MP: 3/3
  2453 | D:5      | Entered Level 5 of the Dungeon
  2521 | D:5      | Reached skill level 6 in Fighting
  2668 | D:5      | Got a fine ring mail
  2683 | D:5      | Identified the +0 ring mail of Idealism {rElec rF- Regen+} (You found it on level 5 of the Dungeon)
  2846 | D:5      | Noticed Pikel
  2859 | D:5      | Killed Pikel
  2859 | D:5      | Reached skill level 5 in Maces & Flails
  2859 | D:5      | Reached skill level 7 in Armour
  2859 | D:5      | Reached XP level 8. HP: 62/71 MP: 3/3
  3176 | D:6      | Reached skill level 5 in Shields
  3233 | D:6      | Found a staircase to the Ecumenical Temple.
  3240 | Temple   | Entered the Ecumenical Temple
  3480 | D:6      | Acquired Trog's third power
  3519 | D:6      | Found a shimmering altar of Xom.
  3801 | D:7      | Found Fruwn's Food Boutique.
  3850 | D:7      | Bought a meat ration for 55 gold pieces
  3850 | D:7      | Bought a meat ration for 55 gold pieces
  3872 | D:7      | Reached XP level 9. HP: 76/79 MP: 4/4
  3891 | D:7      | Found Buuvywow's Antique Armour Shop.
  3902 | D:7      | Bought a pair of embroidered boots for 126 gold pieces
  4044 | D:7      | Found Ulenoikk's Book Shoppe.
  4077 | D:7      | Received a gift from Trog
  4134 | D:7      | Reached skill level 8 in Armour
  4207 | D:8      | Noticed ghwc's ghost (experienced HOGl)
  4231 | D:8      | Killed ghwc's ghost
  4231 | D:8      | Reached skill level 5 in Axes
  4734 | D:8      | Found Diwkog's Weapon Shoppe.
  4897 | D:8      | Reached skill level 9 in Armour
  5274 | D:9      | Found a staircase to the Lair.
  5277 | D:9      | Noticed a fire drake
  5286 | D:9      | Killed a fire drake
  5340 | D:9      | Noticed a white ugly thing
  5349 | D:9      | Killed a white ugly thing
  5349 | D:9      | Reached skill level 1 in Throwing
  5349 | D:9      | Reached XP level 10. HP: 36/90 MP: 4/4
  5894 | D:9      | Found a snail-covered altar of Cheibriados.
  5951 | D:9      | Reached skill level 1 in Stealth
  6008 | D:9      | Found a shattered altar of Ashenzari.
  6008 | D:9      | Found an ancient bone altar of Kikubaaqudgha.
  6013 | D:9      | Found a bloodstained altar of Trog.
  6013 | D:9      | Found a radiant altar of Vehumet.
  6048 | D:9      | Reached skill level 10 in Armour
  6216 | D:10     | Entered Level 10 of the Dungeon
  6216 | D:10     | Found Ikhluzaqa's Jewellery Shoppe.
  6218 | D:10     | Bought an uncursed ring of poison resistance for 240 gold pieces
  6244 | D:10     | Found Qetaaza's Gadget Shoppe.
  6360 | D:10     | Noticed a hill giant
  6368 | D:10     | Killed a hill giant
  6443 | D:10     | Found Skawnafabb's Food Shoppe.
  6522 | D:10     | Found Daesmon's Book Boutique.
  6575 | D:10     | Reached skill level 10 in Fighting
  6631 | D:10     | Reached skill level 10 in Axes
  6658 | D:10     | Reached XP level 11. HP: 97/99 MP: 4/4
  6678 | D:10     | Reached skill level 11 in Armour
  6730 | D:10     | Received a gift from Trog
  6957 | D:10     | Found Ygohiaf's Food Boutique.
  6969 | D:10     | Noticed a hill giant
  6974 | D:10     | Killed a hill giant
  7116 | Lair:1   | Entered Level 1 of the Lair of Beasts
  7476 | Lair:1   | Received a gift from Trog
  7705 | Lair:1   | Reached skill level 1 in Long Blades
  7733 | Lair:1   | Received a gift from Trog
  8210 | Lair:2   | Reached skill level 12 in Axes
  8285 | Lair:2   | Noticed Fannar
  8290 | Lair:2   | Noticed a five-headed hydra
  8296 | Lair:2   | Killed a six-headed hydra
  8308 | Lair:2   | Killed Fannar
  8575 | Lair:2   | Reached XP level 12. HP: 94/112 MP: 5/5
  8628 | Lair:2   | Noticed Erica
  8636 | Lair:2   | Killed Erica
  8840 | Lair:3   | Reached skill level 5 in Dodging
  8948 | Lair:3   | Received a gift from Trog
  9236 | Lair:3   | Reached skill level 13 in Axes
  9549 | Lair:4   | Noticed a five-headed hydra
  9556 | Lair:4   | Killed a four-headed hydra
  9991 | Lair:5   | Noticed a four-headed hydra
 10002 | Lair:5   | Killed a one-headed hydra
 10241 | Lair:5   | Received a gift from Trog
 10372 | Lair:5   | Found a hole to the Spider Nest.
 10752 | Lair:5   | Found a staircase to the Swamp.
 10863 | Lair:6   | Reached skill level 14 in Axes
 11040 | Lair:6   | Noticed lorenzova's ghost (powerful DECj)
 11057 | Lair:6   | Killed lorenzova's ghost
 11261 | Lair:6   | Reached XP level 13. HP: 88/119 MP: 5/5
 11404 | Lair:7   | Found a staircase to the Slime Pits.
 11419 | Lair:7   | Received a gift from Trog
 11780 | Lair:8   | Entered Level 8 of the Lair of Beasts
 12175 | Lair:8   | Reached skill level 15 in Axes
 12526 | Lair:8   | Received a gift from Trog
 12723 | Lair:8   | Reached XP level 14. HP: 88/132 MP: 5/5
 12758 | Lair:8   | Hired Blape the big kobold for 84 gold.
 12811 | Lair:8   | Your ally Blape died
 12839 | Lair:8   | Drew Focus: Str increased to 27, Int decreased to 3
 12856 | Lair:8   | Drew Focus: Str increased to 28, Int decreased to 2
 13330 | D:11     | Noticed Grum
 13335 | D:11     | Killed Grum
 13773 | D:11     | Reached skill level 1 in Evocations
 14043 | D:12     | Reached skill level 10 in Maces & Flails
 14633 | D:12     | Received a gift from Trog
 14923 | D:13     | Found a gate to the Vaults.
 14975 | D:13     | Received a gift from Trog
 15042 | D:13     | Got a brightly glowing hand axe {god gift}
 15043 | D:13     | Identified the +8 hand axe of Disorder {flame, +Blink rN+ Int+4 Dex+4 Stlth-} (Trog gifted it to you on level 13 of the Dungeon)
 15103 | D:13     | Found an iron altar of Okawaru.
 15449 | D:13     | Reached skill level 15 in Fighting
 16375 | D:15     | Entered Level 15 of the Dungeon
 16873 | D:15     | Received a gift from Trog
 17083 | D:15     | Reached skill level 10 in Shields
 17083 | D:15     | Reached XP level 15. HP: 123/141 MP: 8/8
 17150 | D:15     | Found a staircase to the Depths.
 17433 | D:10     | Bought a meat ration for 55 gold pieces
 17643 | Spider:1 | Entered Level 1 of the Spider Nest
 17671 | Spider:1 | Noticed Nikola
 17697 | Spider:1 | Killed Nikola
 17751 | Spider:1 | Reached skill level 16 in Axes
 18028 | Spider:1 | Noticed Kirke
 18046 | Spider:1 | Killed Kirke
 18046 | Spider:1 | Received a gift from Trog
 18113 | Spider:1 | Noticed Aizul
 18142 | Spider:1 | Killed Aizul
 18504 | Spider:3 | Reached skill level 15 in Armour
 18612 | Spider:3 | Got a brightly glowing trident
 18613 | Spider:3 | Identified the +8 trident "Friaguxaxo" {drain, +Rage rC+ MR+} (You found it on level 3 of the Spider Nest)
 18686 | Spider:4 | Noticed Arachne
 18711 | Spider:4 | Killed Arachne
 18739 | Spider:5 | Entered Level 5 of the Spider Nest
 18853 | Spider:5 | Received a gift from Trog
 19000 | Spider:5 | Received a gift from Trog
 19301 | Spider:5 | Reached skill level 17 in Axes
 19309 | Spider:5 | HP: 1/144 [something (8)]
 19758 | Spider:5 | Reached XP level 16. HP: 93/151 MP: 0/10
 20118 | Spider:5 | Got a gossamer rune of Zot
 20260 | Spider:2 | Reached skill level 5 in Throwing
 20626 | D:9      | Found a staircase to the Orcish Mines.
 20636 | Orc:1    | Entered Level 1 of the Orcish Mines
 21220 | Orc:2    | Received a gift from Trog
 21438 | Orc:3    | Found a staircase to the Elven Halls.
 21476 | Orc:3    | Received a gift from Trog
 21622 | Orc:3    | Noticed Psyche
 21628 | Orc:3    | Killed Psyche
 21791 | Orc:4    | Entered Level 4 of the Orcish Mines
 21854 | Orc:4    | Received a gift from Trog
 21898 | Orc:4    | Found Twagien's Weapon Emporium.
 21898 | Orc:4    | Found Wadu's Distillery.
 22114 | Orc:4    | Found Masaah's Food Emporium.
 22115 | Orc:4    | Found Pniaw's Antique Armour Boutique.
 22123 | Orc:4    | Bought a meat ration for 65 gold pieces
 22123 | Orc:4    | Bought a meat ration for 65 gold pieces
 22124 | Orc:4    | Bought a potion of restore abilities for 50 gold pieces
 22304 | Orc:4    | Found a roughly hewn altar of Beogh.
 22527 | Elf:1    | Entered Level 1 of the Elven Halls
 22683 | Elf:1    | Noticed Nergalle
 22697 | Elf:1    | Killed Nergalle
 22753 | Elf:1    | Found Mimipi's Armour Emporium.
 22763 | Elf:1    | Noticed Roxanne
 22947 | Elf:1    | Noticed Nessos
 22956 | Elf:1    | Killed Nessos
 22956 | Elf:1    | Received a gift from Trog
 23000 | Elf:1    | Killed Roxanne
 23002 | Elf:1    | Found Stoa's Weapon Shop.
 23022 | Elf:1    | Reached skill level 18 in Axes
 23111 | Elf:1    | Found Lylics' Weapon Boutique.
 24227 | Elf:2    | Found a huge runed gate.
 24228 | Elf:2    | Found a huge runed gate.
 24228 | Elf:2    | Found a huge runed gate.
 24230 | Elf:2    | Found a huge runed gate.
 24232 | Elf:2    | Found a huge runed gate.
 24290 | Elf:2    | Noticed a deep elf blademaster
 24304 | Elf:2    | Killed a deep elf blademaster
 24803 | Elf:2    | Received a gift from Trog
 24905 | Elf:3    | Entered Level 3 of the Elven Halls
 25058 | Elf:3    | Received a gift from Trog
 25135 | Elf:3    | Noticed Wiglaf
 25146 | Elf:3    | Killed Wiglaf
 25146 | Elf:3    | Reached XP level 17. HP: 135/160 MP: 12/12
 25401 | Elf:3    | Noticed Saint Roka
 25898 | Elf:3    | Killed Saint Roka
 26711 | Elf:3    | Reached skill level 19 in Axes
 26729 | Elf:3    | Noticed a deep elf blademaster
 26737 | Elf:3    | Noticed an Ice Fiend
 26742 | Elf:3    | Gained mutation: Your magical capacity is low (-10% MP). [a neqoxec]
 26743 | Elf:3    | Gained mutation: You are weak. (Str -2) [a neqoxec]
 26749 | Elf:3    | Got a faintly glowing ruby amulet
 26755 | Elf:2    | Identified the amulet of Teavvo Hocue {Stasis rElec Dex+4} (You took it off a deep elf annihilator on level 3 of the Elven Halls)
 26959 | Elf:3    | Killed a deep elf blademaster
 27095 | Elf:2    | Received a gift from Trog
 27263 | Elf:3    | Noticed a Brimstone Fiend
 27299 | Elf:3    | Cast into the Abyss (a deep elf sorcerer)
 27366 | Abyss:1  | Noticed a profane servitor
 27371 | Elf:3    | Escaped the Abyss
 27378 | Elf:3    | Received a gift from Trog
 27386 | Elf:3    | HP: 3/163 [deep elf sorcerer/blast of hellfire (26)]
 27388 | Elf:3    | Killed from afar by a deep elf sorcerer

Action                   |  1- 3 |  4- 6 |  7- 9 | 10-12 | 13-15 | 16-18 || total
-------------------------+-------+-------+-------+-------+-------+-------++-------
Melee: Hand axe          |    37 |       |       |       |   627 |   500 ||  1164
       Flail             |    36 |    56 |   191 |       |       |       ||   283
       Battleaxe         |       |       |   196 |   459 |       |   258 ||   913
       Great sword       |       |       |       |    49 |       |       ||    49
       Morningstar       |       |       |       |    17 |       |       ||    17
       Broad axe         |       |       |       |   254 |    77 |     4 ||   335
       Great mace        |       |       |       |       |   425 |       ||   425
       War axe           |       |       |       |       |       |    91 ||    91
Throw: Tomahawk          |       |       |     5 |    29 |    36 |    20 ||    90
       Javelin           |       |       |       |       |     7 |    34 ||    41
Invok: Berserk           |       |     2 |       |     7 |     1 |     3 ||    13
       Trog's Hand       |       |     2 |     1 |     4 |     6 |     7 ||    20
       Brothers in Arms  |       |       |     1 |     4 |    20 |     2 ||    27
       Burn Spellbooks   |       |       |       |     1 |     3 |     3 ||     7
Evoke: Wand              |       |       |       |     1 |    15 |    17 ||    33
       Deck              |       |       |       |       |     7 |       ||     7
       Phantom mirror    |       |       |       |       |       |     1 ||     1
  Use: Potion            |     2 |       |     3 |    11 |     9 |    10 ||    35
       Scroll            |       |     1 |    10 |    12 |    20 |     4 ||    47
 Stab: Distracted        |       |       |       |     1 |     4 |       ||     5
       Invisible         |       |       |       |     2 |       |     1 ||     3
       Fleeing           |       |       |       |     1 |       |       ||     1
  Eat: Meat ration       |     1 |       |       |     1 |       |     3 ||     5
       Pizza             |       |     2 |       |     2 |     3 |     1 ||     8
       Beef jerky        |       |       |     1 |     4 |     2 |       ||     7
       Bread ration      |       |       |     2 |     4 |     4 |     2 ||    12
       Fruit             |       |       |       |       |     6 |     5 ||    11
       Royal jelly       |       |       |       |       |     2 |       ||     2
